cohdb
Replays
Latest Replays
All Replays
Popular Replays
Top Player Replays
Match Explorer
How It Works
Community
CoH3 Stats
Reddit
Sign in to upload your games and track your stats! →
Sign in with Steam
Match 43506768
Unlisted
Match 43506768
Overview
Messages
Build Orders
End
Panzergrenadier Squad
250 Light Carrier
Panzerpioneer Squad
Construct Light Support Kompanie
Combat Half-tracks
Selects Armored Support Battlegroup
Advanced Field Repairs
Selects Superior Fire Drills
Fire Support Elements
Vehicle Survival Package
le.IG 18 Mechanized Group
Flakvierling Half-track
Veteran Squad Leaders
Selects Salvage Kits
Tungsten Core Ammunition
Construct Panzerarmee Kommand
Rapid Advance
Selects Panzer Storm
Armored Reserves
Emergency Repair Kits
Panzer IV Assault Group
Advanced Optics
Selects Flammpanzer III Medium Tank
Selects Stuka Dive Bomb
Selects Stuka Dive Bomb
parsnip9510
NoName
will
HiddenJoker
B1t
SkyCurv
Door
FlyinRyan
0
0
Comments
sign in to comment!
No comments posted yet!